 Dungeon Crawl Stone Soup version 0.29.0 (webtiles) character file.

Game seed: 9875742132178793285

10 lightspider the Trooper (level 2, 0/24 HPs)
             Began as a Human Fighter on Aug 25, 2022.
             Slain by a goblin
             ... wielding a +1 dagger of electrocution
              (19 damage)
             ... on level 2 of the Dungeon.
             The game lasted 00:01:56 (967 turns).

lightspider the Trooper (Human Fighter)              Turns: 967, Time: 00:01:57

Health: 0/24       AC: 12    Str: 16    XL:     2   Next: 30%
Magic:  2/2        EV:  4    Int:  8    God:
Gold:   26         SH:  4    Dex: 12    Spells: 1/1 levels left

rFire   . . .      SeeInvis .   a - +0 long sword
rCold   . . .      Faith    .   c - +0 buckler
rNeg    . . .      Spirit   .   o - +0 plate armour
rPois   .          Reflect  .   (no helmet)
rElec   .          Harm     .   (no cloak)
rCorr   .          Rampage  .   (no gloves)
Will    .....                   h - +0 pair of boots
Stlth   ..........              (no amulet)
HPRegen 0.08/turn               (no ring)
MPRegen 0.08/turn               (no ring)

@: no status effects
A: no striking features
a: no special abilities


You were on level 2 of the Dungeon.
You visited 1 branch of the dungeon, and saw 2 of its levels.

You collected 26 gold pieces.

Inventory:

Hand Weapons
 a - a +0 long sword (weapon)
Missiles
 f - 6 curare-tipped darts (quivered)
Armour
 b - a +0 scale mail
 c - a +0 buckler (worn)
 h - a +0 pair of boots (worn)
 o - a +0 plate armour (worn)
Magical Staves
 n - a staff of cold
Scrolls
 g - a scroll of fog {unknown}
 l - a scroll of magic mapping
Potions
 d - a potion of might
 e - a potion of degeneration
 i - a potion of curing {unknown}
 j - a potion of haste {unknown}


   Skills:
 + Level 3.2 Fighting
 + Level 2.2 Long Blades
 + Level 3.2 Armour
 - Level 3.0 Shields


You had one spell level left.
You didn't know any spells.
Your spell library contained the following spells:

 Spells                   Type           Power      Damage    Failure   Level
 Magic Dart               Conj           0%         1d3       100%        1
 Call Imp                 Summ           0%         N/A       100%        2
 Dazzling Flash           Conj/Hex       0%         N/A       100%        3
 Mephitic Cloud           Conj/Pois/Air  0%         N/A       100%        3
 Iskenderun's Mystic Bla  Conj/Tloc      0%         2d3       100%        4
 Starburst                Conj/Fire      0%         6d3       100%        6


Dungeon Overview and Level Annotations

Branches:
Dungeon (2/15)

Altars:


Message History

You hit the frilled lizard.
The frilled lizard is heavily wounded.
The frilled lizard bites you but does no damage.
The frilled lizard completely misses you.
The frilled lizard bites you but does no damage.
The frilled lizard barely misses you.
You slash the frilled lizard!
You kill the frilled lizard!
The frilled lizard barely misses you.
You closely miss the frilled lizard. You block the frilled lizard's attack.
You barely miss the frilled lizard.
The frilled lizard bites you but does no damage. x2
You closely miss the frilled lizard. You block the frilled lizard's attack.
You hit the frilled lizard.
You kill the frilled lizard!
No target in view!
No target in view!
No target in view!
No target in view!
A quokka comes into view.
You slash the quokka!
You kill the quokka!
No target in view!
Found a leather armour and a whip.
No target in view!
A goblin comes into view.
It is wielding a +1 dagger of electrocution and wearing a +1 robe of positive energy.
Found a book of Minor Magic.
The goblin shouts!
You see here a book of Minor Magic.
You pick up a book of Minor Magic and begin reading...
You add the spells Magic Dart, Call Imp and Mephitic Cloud to your library.
A rat comes into view.
Found 2 curare-tipped darts.
The goblin hits you with a +1 dagger of electrocution.
You miss the goblin. The goblin hits you but does no damage.
You miss the goblin.
The goblin hits you with a +1 dagger of electrocution.
You are electrocuted!!
Ouch! That really hurt!
You die...

# #. ##.. # #...#
###.)# #....####..[#
#..##.#..##
#..#...#..# ###
#..##.###@# ### ..#
#....#†#.#gr(#.. #.#
#...##...###.#...#..
#...#.###.#.#....#.#
#...#..##...#......#
#........# #...###.##
#.###....##..#
##.#.## # #.#
##.......###.###.##.#
#.####..######..##
##...#


You could see a goblin and a rat.

Vanquished Creatures
  A goblin (D:1)
  A hobgoblin (D:2)
  A quokka (D:2)
  3 ball pythons (D:1)
  A bat (D:1)
  3 frilled lizards
  A rat (D:1)
11 creatures vanquished.

Notes
Turn   | Place    | Note
-------+----------+-------------------------------------------
     0 | D:1      | lightspider the Human Fighter began the quest for the Orb.
     0 | D:1      | Reached XP level 1. HP: 18/18 MP: 1/1
   288 | D:1      | Found a faded altar of an unknown god.
   639 | D:1      | Reached XP level 2. HP: 24/24 MP: 2/2
   967 | D:2      | Slain by a goblin

Illustrated notes

Levels and vault maps discovered:
D:1:      minmay_arrival_shoal_huts, layout_rooms,
          hellmonk_ecumenical_altar_arch_garden, minivault_25,
          serial_bayou_lake_a
D:2:      layout_loops_ring, serial_shops, shop,
          nicolae_concentric_dashed_squares_wild, minivault_19,
          minmay_pentomino_pile, uniq_terence

Action                   || total
-------------------------++-------
Melee: Long sword        ||    36
  Use: Scroll            ||     4
Armor: Scale mail        ||    11
       Plate armour      ||    11
Dodge: Dodged            ||    16
Block: Buckler           ||     7
